 Dungeon Crawl Stone Soup version 0.28.0-43-g3370ac3207 (webtiles) character file.

Game seed: 1615209010430573413

4252 issech the Basher (level 10, -2/82 (88) HPs)
             Began as a Troll Monk on Mar 28, 2022.
             Was a Priest of Hepliaklqana.
             Slain by an orc warrior
             ... wielding a +0 flail
              (12 damage)
             ... on level 9 of the Dungeon.
             The game lasted 00:34:37 (8586 turns).

issech the Basher (Troll Monk)                      Turns: 8586, Time: 00:34:38

HP:   -2/82 (88)    AC:  4    Str: 21    XL:     10   Next: 10%
MP:   9/9           EV: 12    Int:  6    God:    Hepliaklqana [***...]
Gold: 413           SH:  0    Dex: 16    Spells: 9/9 levels left

rFire   . . .      SeeInvis +   J - +1 giant spiked club (vorpal)
rCold   . . .      Faith    .   (shield currently unavailable)
rNeg    . . .      Spirit   .   b - +0 robe
rPois   +          Reflect  .   (helmet restricted)
rElec   .          Harm     .   (no cloak)
rCorr   .          Rampage  .   (gloves unavailable)
Will    .....                   (boots unavailable)
Stlth   ++........              (no amulet)
HPRegen 1.03/turn               f - ring of poison resistance
MPRegen 0.11/turn               j - ring of see invisible

@: drained
A: reduced essence, large, unfitting armour, claws 3, regeneration 1, shaggy fur
1, tough skin 1
a: Renounce Religion, Recall Ancestor, Ancestor Identity, Transference


You were on level 9 of the Dungeon.
You worshipped Hepliaklqana.
Hepliaklqana was most pleased with you.
You visited 2 branches of the dungeon, and saw 10 of its levels.
You also visited: Ossuary.

You collected 413 gold pieces.

Inventory:

Hand Weapons
 a - a +0 mace
 n - a +0 giant club
 p - a +0 short sword of venom
 s - a +1 dagger of flaming
 w - a +0 flail
 C - a +1 hand crossbow of flaming
 D - a +1 morningstar of draining
 J - a +1 vorpal giant spiked club (weapon)
 Q - a +2 great sword
 W - a +3 vampiric hand axe
 X - a +0 short sword of venom
 Y - a +2 dagger of speed
Missiles
 c - 23 poisoned darts (quivered)
 e - 67 sling bullets
 i - 133 arrows
 k - 6 atropa-tipped darts
 o - 236 stones
 x - 3 throwing nets
 B - 56 bolts
 H - 2 boomerangs
 K - a large rock
 L - 2 javelins
Armour
 b - a +0 robe (worn)
 y - an orb of wrath
 O - an orb of light
Jewellery
 f - a ring of poison resistance (left claw)
 j - a ring of see invisible (right claw)
 t - an amulet of faith
 M - a ring of resist corrosion
 N - a ring of positive energy
Wands
 V - a wand of paralysis (13)
Scrolls
 g - 3 scrolls of immolation
 h - a scroll of magic mapping
 m - 2 scrolls of vulnerability
 q - 2 scrolls of fear
 r - 2 scrolls of torment
 u - 3 scrolls of enchant armour
 A - 3 scrolls of noise
 P - 2 scrolls of identify
 T - a scroll of blinking
 Z - a scroll of enchant weapon
Potions
 d - 4 potions of heal wounds
 l - a potion of might {unknown}
 v - 3 potions of degeneration
 z - 2 potions of attraction
 E - a potion of curing {unknown}
 F - 3 potions of berserk rage
 G - 4 potions of brilliance {unknown}
 I - a potion of flight {unknown}
 R - 2 potions of ambrosia {unknown}
 S - 3 potions of lignification {unknown}
 U - a potion of cancellation {unknown}


   Skills:
 + Level 6.0 Fighting
 + Level 10.3 Maces & Flails
 + Level 1.3 Throwing
 + Level 5.9 Dodging
 + Level 2.1 Stealth


You had 9 spell levels left.
You didn't know any spells.
Your spell library contained the following spells:

 Spells                   Type           Power      Damage    Failure   Level
 Animate Skeleton         Necr           0%         N/A       45%         1
 Apportation              Tloc           0%         N/A       45%         1
 Summon Small Mammal      Summ           0%         N/A       45%         1
 Call Canine Familiar     Summ           0%         N/A       83%         3
 Summon Guardian Golem    Hex/Summ       0%         N/A       83%         3


Dungeon Overview and Level Annotations

Branches:
Dungeon (9/15)             Temple (1/1) D:6            Lair (0/6) D:9
Ossuary (visited)
    Orc: D:9-12

Altars:
Ashenzari
Cheibriados
Dithmenos
Elyvilon
Fedhas
Gozag
Hepliaklqana
Kikubaaqudgha
Makhleb
Nemelex Xobeh
Okawaru
Qazlal
Ru
Sif Muna
Trog
Uskayaw
Vehumet
Wu Jian
Xom
Yredelemnul
Zin
The Shining One

Shops:
D:2 [[*!!


Innate Abilities, Weirdness & Mutations

Your life essence is reduced to manifest your ancestor. (-10% HP)
You are too large for most types of armour.
You have claws for hands.
Your natural rate of healing is unusually fast.
You are covered in fur. (AC +1)
You have tough skin. (AC +1)


Message History

The wight barely misses you.
You hit the wight.
You destroy the wight!
An orc opens the door.
An orc warrior comes into view. It is wielding a +0 flail.
Things that are here:
a +1 flail of freezing; a +0 robe You can't carry that many items.
You hit the orc.
The orc is severely wounded.
The orc hits you with a +1 flail of holy wrath.
You closely miss the orc.
The orc is severely wounded.
The orc hits you with a +1 flail of holy wrath.
The orc warrior hits you with a +0 flail.
Gnaeus hits the orc but does no damage.
The orc hits you with a +1 flail of holy wrath!
You barely miss the orc.
The orc is severely wounded.
The orc warrior hits you with a +0 flail!
Gnaeus hits the orc with a +0 quarterstaff!!
The orc dies!
The orc warrior hits you with a +0 flail.
You hit the orc warrior.
The orc warrior is moderately wounded.
An orc wizard comes into view. It is wielding a +0 dagger.
Gnaeus hits the orc warrior with a +0 quarterstaff.
The orc warrior hits you with a +0 flail!
The orc wizard moves out of view.
You closely miss the orc warrior.
The orc warrior is moderately wounded.
Gnaeus gestures at the orc warrior while chanting.
The stone arrow misses the orc warrior.
The orc warrior hits you with a +0 flail!
* * * LOW HITPOINT WARNING * * *
You barely miss the orc warrior.
The orc warrior is moderately wounded.
Gnaeus barely misses the orc warrior.
The orc warrior hits you with a +0 flail!
You die...

,,,,,,,,*,,,,*,#..#.#.#*,,,,,..#.
,**,*****,**,*,#...[#.#*,**###.#.
,,,,,<,,,,**,#,#...##.#*,* #.....
,,**********,#(#..)##.#*,***,#)#.
,,**,,,,,,,#,#.#....#.#*,,,,,#...
,,**,*****,#.#...#).#.########.).
,,**,*,>,......#....#..........[.
,,,*,*,**#.#.#.#R#.############..
,,,,,,,,,......o@)...............
*,,,,*,,,..#.#.#)#######...##.#[.
,,,,,,,,,.,....#'#*** ***,,*#.#..
*,*,,,,,,,.#o#,...,,* *,,,,*#,#..
,,,,,,,,,,...,....,,* *,**,**,##.
,,,,,,,,,..#,#.....,***,,,,,,,,..
,*,,,∩,,*##*,######*,,,,****,,...
,,,,,,,,****,,,,,,,,,***,,,**....
<,,,,,,,,,,,,,,,,,,,**,,**,,*,,,,


You could see the friendly Gnaeus the battlemage, an orc warrior (ally target)
and an orc wizard.

Vanquished Creatures
  A black bear (D:6)
  An ice beast (D:5)
  3 ogres
  A necrophage (D:5)
  3 centaurs
  A kobold brigand (D:4)
  A wyvern zombie (D:8)
  2 bullfrogs
  6 scorpions (Ossuary)
  A howler monkey (D:7)
  3 wights (D:9)
  A bullfrog zombie (D:5)
  2 jellies
  A centaur zombie (D:7)
  3 human zombies (Ossuary)
  8 orc priests
  A bullfrog skeleton (D:4)
  A centaur skeleton (D:7)
  A hound (D:3)
  2 scorpion zombies (Ossuary)
  3 iguanas
  7 orc wizards
  A killer bee zombie (D:8)
  3 mummies (Ossuary)
  A hound skeleton (D:4)
  A gnoll (D:6)
  7 adders
  A shadow imp (D:6)
  3 dart slugs
  22 orcs
  8 ball pythons
  4 endoplasms
  2 giant cockroaches (D:3)
  5 hobgoblins
  8 jackals
  5 quokkas
  2 bats
  5 frilled lizards
  A gnoll zombie (Ossuary)
  4 goblins
  A hobgoblin zombie (Ossuary)
  13 kobolds
  A kobold zombie (Ossuary)
  An orc zombie (Ossuary)
  4 rats
  A bush (D:4)
157 creatures vanquished.

Vanquished Creatures (collateral kills)
  A troll (D:5)
  2 orc warriors
  2 water moccasins (D:8)
  An ogre (D:7)
  3 scorpions
  3 bullfrogs
  A gnoll sergeant (D:6)
  2 wights (D:9)
  A howler monkey (D:7)
  2 centaur zombies (Ossuary)
  2 human zombies (Ossuary)
  4 scorpion zombies (Ossuary)
  4 orc wizards
  2 gnolls (D:6)
  An adder (D:6)
  11 orcs
  2 goblins (D:8)
  A goblin zombie (Ossuary)
  2 hobgoblin zombies (Ossuary)
  3 orc zombies (Ossuary)
50 creatures vanquished.

Vanquished Creatures (others)
  28 plants
28 creatures vanquished.

Grand Total: 235 creatures vanquished

Notes
Turn   | Place    | Note
-------+----------+-------------------------------------------
     0 | D:1      | issech the Troll Monk began the quest for the Orb.
     0 | D:1      | Reached XP level 1. HP: 22/22 MP: 0/0
    81 | D:1      | Found a faded altar of an unknown god.
   273 | D:1      | Reached XP level 2. HP: 25/29 MP: 1/1
   379 | D:1      | Reached skill level 3 in Maces & Flails
   750 | D:2      | Found Cuxougell's Distillery.
   838 | D:2      | Found Lumitupt's Distillery.
   919 | D:2      | Found Fialuwk's Armour Emporium.
   946 | D:2      | Found Riwedeg's Antique Armour Boutique.
   973 | D:2      | Found Ashrish's Assorted Antiques.
   999 | D:2      | Reached XP level 3. HP: 36/36 MP: 2/2
  1475 | D:3      | Reached XP level 4. HP: 39/44 MP: 3/3
  1927 | D:3      | Reached skill level 4 in Maces & Flails
  2166 | D:3      | Reached XP level 5. HP: 35/53 MP: 4/4
  2440 | D:4      | Reached XP level 6. HP: 53/61 MP: 5/5
  2454 | D:4      | Reached skill level 5 in Maces & Flails
  3300 | D:4      | Reached XP level 7. HP: 65/67 MP: 6/6
  3473 | D:5      | Entered Level 5 of the Dungeon
  3865 | D:5      | Reached skill level 6 in Maces & Flails
  4974 | D:6      | Reached XP level 8. HP: 78/78 MP: 7/7
  4983 | D:6      | Reached skill level 7 in Maces & Flails
  5039 | D:6      | Noticed a troll
  5045 | D:6      | HP: 2/78 [troll (11)]
  5389 | D:6      | Found a staircase to the Ecumenical Temple.
  5417 | Temple   | Entered the Ecumenical Temple
  5545 | Temple   | Became a worshipper of Hepliaklqana the Forgotten
  5545 | Temple   | Reached * piety under Hepliaklqana
  5545 | Temple   | Reached ** piety under Hepliaklqana
  5546 | Temple   | Remembered your ancestor Gnaeus as a battlemage
  5762 | D:6      | Reached skill level 1 in Throwing
  6136 | D:5      | Killed a troll
  6137 | D:5      | Reached skill level 8 in Maces & Flails
  6423 | D:7      | Reached skill level 5 in Dodging
  6423 | D:7      | Reached XP level 9. HP: 60/78 MP: 8/8
  6563 | D:7      | Reached skill level 5 in Fighting
  6726 | D:7      | Reached skill level 9 in Maces & Flails
  7047 | D:8      | Found a glowing golden altar of the Shining One.
  7067 | D:8      | Found an ancient bone altar of Kikubaaqudgha.
  7070 | D:8      | Found a burning altar of Makhleb.
  7086 | D:8      | Found a sand-covered staircase.
  7120 | Ossuary  | Entered an ossuary
  7576 | D:8      | Found a sparkling altar of Nemelex Xobeh.
  7602 | D:8      | Reached *** piety under Hepliaklqana
  7607 | D:8      | Found a basalt altar of Yredelemnul.
  7717 | D:8      | Reached skill level 10 in Maces & Flails
  7880 | D:8      | Found an iron altar of Okawaru.
  7988 | D:8      | Reached XP level 10. HP: 55/88 MP: 9/9
  8302 | D:8      | Identified the +1 ring mail "Nuqolluh" {-Tele rPois Regen+
                  | Dex+8}
  8586 | D:9      | Slain by an orc warrior

Illustrated notes

Levels and vault maps discovered:
D:1:      dpeg_arrival_arbitrary_c, layout_basic,
          hellmonk_ecumenical_altar_blasted
D:2:      layout_loops_ring, serial_shops, shop, nicolae_shop_hallway_plus,
          shop_statue, shop, nicolae_shop_crystal
D:3:      layout_loops_ring, serial_forest, infiniplex_forest_clump_tiny,
          infiniplex_forest_join, infiniplex_forest_clump_long,
          infiniplex_forest_clump_small, infiniplex_forest_clump_large,
          infiniplex_forest_corner_1, infiniplex_forest_clump_double
D:4:      cheibrodos_pilgrimage, layout_gridville, lexackson_kobold_supper
D:5:      layout_layer_cave, nicolae_zen_rock_garden
D:6:      layout_loops_cross, temple_fountains
D:7:      nicolae_cairo_tiling_very_big, layout_loops_ring
D:8:      layout_gridville, tso_altar, yredelemnul_altar_generic,
          kennysheep_okawaru_gauntlet, grunt_temple_overflow_open,
          lightli_ossuary_entry_decrepit_ruins
D:9:      layout_basic, lair_entry_dummy, enter_bailey_2, minmay_alternating_orb
Temple:   compressed_dpeg_circular_temple

Skill      XL: |  1  2  3  4  5  6  7  8  9 10 |
---------------+-------------------------------+-----
Maces & Flails | 3 4 5 6 8 10 | 10.3
Dodging        | 3 4 5 |  5.9
Fighting       | 3 4 5 6 |  6.0
Throwing       | 1 |  1.3
Stealth        | 2 |  2.1

Action                   |  1- 3 |  4- 6 |  7- 9 | 10-12 || total
-------------------------+-------+-------+-------+-------++-------
Melee: Mace              |   175 |     3 |       |       ||   178
       Punch             |     1 |     1 |     1 |       ||     3
       Flail             |       |   135 |       |       ||   135
       Morningstar       |       |   129 |    28 |       ||   157
       Giant club        |       |       |    57 |       ||    57
       Giant spiked club |       |       |   142 |    19 ||   161
Throw: Dart              |       |       |     1 |       ||     1
Invok: Ancestor Life: Ba |       |       |     1 |       ||     1
  Use: Scroll            |       |       |    17 |     2 ||    19
 Stab: Sleeping          |       |     1 |     1 |     1 ||     3
       Distracted        |       |       |     1 |     1 ||     2
Armor: Robe              |    74 |    53 |    87 |     2 ||   216
Dodge: Dodged            |   105 |   103 |   205 |    10 ||   423
